 Dungeon Crawl Stone Soup version 0.22.1-1-ga44c0e5 (webtiles) character file.

127 Garbasso the Skirmisher (level 5, -2/37 HPs)
             Began as an Octopode Fighter on Oct 11, 2018.
             Killed by nerve-wracking pain
             ... invoked by an orc priest
              (13 damage)
             ... on level 4 of the Dungeon.
             The game lasted 00:05:34 (2732 turns).

Garbasso the Skirmisher (Octopode Fighter)          Turns: 2732, Time: 00:05:36

Health: -2/37      AC:  1    Str: 15    XL:     5   Next: 11%
Magic:  5/5        EV: 12    Int: 10    God:
Gold:   161        SH:  9    Dex: 13    Spells: 4/4 levels left

rFire    . . .     SeeInvis .   a - +0 trident
rCold    . . .     Gourm    .   b - +0 shield
rNeg     . . .     Faith    .   (helmet restricted)
rPois    .         Spirit   .   (no amulet)
rElec    .         Reflect  .   (no ring)
rCorr    .         Harm     .   (no ring)
MR       .....                  (no ring)
Stlth    ++........             (no ring)
HPRegen  0.12/turn              (no ring)
MPRegen  0.09/turn              (no ring)
                                (no ring)
                                (no ring)

@: no status effects
A: almost no armour, stealthy swim, amphibious, 8 rings, constrict 8, camouflage
1, gelatinous body 1
a: no special abilities


You were on level 4 of the Dungeon.
You were not hungry.

You visited 1 branch of the dungeon, and saw 4 of its levels.

You collected 161 gold pieces.

Inventory:

Hand Weapons
 a - a +0 trident (weapon)
Missiles
 s - 10 poisoned needles
Armour
 b - a +0 shield (worn)
Jewellery
 g - a cursed amulet of inaccuracy {unknown}
 l - an uncursed amulet of the acrobat {unknown}
 w - an uncursed amulet of the gourmand {unknown}
Wands
 x - a wand of acid (7)
Scrolls
 e - 2 scrolls of remove curse {unknown}
 f - a scroll of immolation {unknown}
 h - 2 scrolls of magic mapping {unknown}
 i - a scroll of blinking {unknown}
 n - 4 scrolls of identify {unknown}
 r - a scroll of teleportation {unknown}
 u - 2 scrolls of amnesia {unknown}
 v - a scroll of random uselessness {unknown}
 y - a scroll of enchant armour {unknown}
Potions
 c - a potion of might
 j - 3 potions of brilliance {unknown}
 k - 2 potions of haste {unknown}
 m - a potion of ambrosia {unknown}
 o - 2 potions of agility {unknown}
 p - 2 potions of heal wounds {unknown}
 q - a potion of flight {unknown}
 t - a potion of degeneration {unknown}
Comestibles
 d - 6 rations
 z - a chunk of flesh


   Skills:
 - Level 4.0 Fighting
 * Level 3.4 Polearms
 + Level 3.5 Dodging
 + Level 3.4 Shields


You had 4 spell levels left.
You didn't know any spells.
Your spell library was empty.

Dungeon Overview and Level Annotations

Branches:
Dungeon (4/15)
 Temple: D:4-7

Altars:


Innate Abilities, Weirdness & Mutations

You cannot wear most types of armour.
You are very stealthy in the water. (Stealth+)
You are amphibious.
You can wear up to eight rings at the same time.
You can use your tentacles to constrict eight enemies at once.
Your skin changes colour to match your surroundings (Stealth+).
Your rubbery body absorbs attacks. (AC +1, EV +1)


Message History

The orc priest is moderately wounded.
You constrict the orc priest, but do no damage.
You block the orc priest's attack.
You hit the orc priest.
The orc priest is severely wounded.
You constrict the orc priest.
The orc priest mumbles some strange prayers to Beogh against you.
Beogh smites you!
The orc priest calls down the wrath of Beogh upon you.
Beogh smites you!
* * * LOW HITPOINT WARNING * * *
You are too injured to fight recklessly!
Unknown command.
You hit the orc priest but do no damage.
You squeeze the orc priest.
The orc priest is almost dead.
You constrict the orc priest.
The orc priest calls down the wrath of Beogh upon you.
Pain shoots through your body!
You die...

#.# #..# #.# #........
..# #..# #.# #.#######
#.# #..# #.# #.# #.#
#..###.###.# ####.#
##.....#....#
#....####..<###.#####
##.#..........##.#
#.....####o...##.#
........#
###@#.##.######..
.##.$...(
#...............#
#.......#.#...#########..
#o......#.###.#
#[........# #.#
#.......### #.# .o......#
### ..... .####


You could see an orc priest.

Vanquished Creatures
  Terence (D:2)
  3 adders
  An ooze (D:3)
  A worm (D:2)
  4 dart slugs
  A leopard gecko (D:1)
  2 orcs
  3 giant cockroaches (D:2)
  4 hobgoblins
  5 jackals (D:1)
  A quokka (D:3)
  7 bats
  2 frilled lizards
  5 goblins
  7 kobolds
  A leopard gecko skeleton (D:4)
  7 rats
55 creatures vanquished.

Notes
Turn   | Place    | Note
-------+----------+-------------------------------------------
     0 | D:1      | Garbasso the Octopode Fighter began the quest for the Orb.
     0 | D:1      | Reached XP level 1. HP: 16/16 MP: 1/1
    85 | D:1      | Reached XP level 2. HP: 21/21 MP: 2/2
   408 | D:1      | Reached XP level 3. HP: 20/26 MP: 3/3
  1126 | D:2      | Noticed Terence
  1140 | D:2      | Killed Terence
  1140 | D:2      | Reached XP level 4. HP: 27/33 MP: 4/4
  2015 | D:3      | Reached skill level 4 in Fighting
  2595 | D:4      | Reached XP level 5. HP: 35/37 MP: 5/5
  2732 | D:4      | Killed from afar by an orc priest

Skill      XL: |  1  2  3  4 |
---------------+-------------+-----
Polearms       | 3 |  3.4
Fighting       | 4 |  4.0
Dodging        | |  3.5
Shields        | |  3.4

Action                   |  1- 3 |  4- 6 || total
-------------------------+-------+-------++-------
Melee: Trident           |    71 |    62 ||   133
       Constrict         |    12 |    13 ||    25
       Tentacles         |    14 |     7 ||    21
 Stab: Sleeping          |     8 |     9 ||    17
  Eat: Chunk             |     1 |     5 ||     6
Armor: Skin              |     7 |     2 ||     9
Dodge: Dodged            |    24 |    10 ||    34
Block: Shield            |    16 |    10 ||    26
